 Dungeon Crawl Stone Soup version 0.29-a0-789-g7a8fcbc185 (webtiles) character file.

Game seed: 14439028014009563889

2804 nxtlvl the Cleaver (level 9, -1/121 (132) HPs)
             Began as a Naga Gladiator on July 2, 2022.
             Was a Follower of Lugonu.
             Slain by a wight
             ... wielding a +0 flail
              (3 damage)
             ... on level 8 of the Dungeon.
             The game lasted 00:40:16 (3573 turns).

nxtlvl the Cleaver (Naga Gladiator)                 Turns: 3573, Time: 00:40:17

HP:   -1/121 (132)  AC: 24    Str: 19    XL:     9   Next: 72%
MP:   9/9           EV:  1    Int: 15    God:    Lugonu [*.....]
Gold: 148           SH:  8    Dex: 14    Spells: 8/8 levels left

rFire   . . .      SeeInvis +   a - +3 spear
rCold   . . .      Faith    .   C - +0 buckler
rNeg    . . .      Spirit   .   (body armour currently unavailable)
rPois   +          Reflect  +   (helmet currently unavailable)
rElec   .          Harm     .   (cloak currently unavailable)
rCorr   .          Rampage  .   (gloves currently unavailable)
Will    +....      NoTele   +   (no barding)
Stlth   +.........              x - amulet of reflection
HPRegen 0.30/turn               n - +6 ring of intelligence
MPRegen 0.11/turn               (no ring)

@: tree-form, drained
A: stationary, stasis, torment immunity, boosted hp, AC +3, large, see
invisible, (deformed body), (poison resistance), (slowness 2), spit poison 1,
(naga tail 1)
a: Spit Poison, Renounce Religion, Depart the Abyss


You were on level 8 of the Dungeon.
You worshipped Lugonu.
Lugonu was aware of your devotion.
You were a tree.
You visited 2 branches of the dungeon, and saw 9 of its levels.

You collected 424 gold pieces.
You spent 276 gold pieces at shops.

Inventory:

Hand Weapons
 a - a +3 spear (weapon)
 b - a +0 glaive
 h - a +2 whip of venom
 u - a +0 war axe
 J - a +4 shortbow
Missiles
 d - 3 throwing nets
 e - a javelin
 y - 9 poisoned darts (quivered)
Armour
 A - the +4 chain mail "Bosuy" (melded) {rPois}
   (You bought it in a shop on level 2 of the Dungeon)

   rPois:     It protects you from poison.
 B - a +0 helmet (melded)
 C - a +0 buckler (worn)
 H - a +2 robe of cold resistance
Jewellery
 n - a +6 ring of intelligence (left branch)
 v - an amulet of magic regeneration
 x - an amulet of reflection (around neck)
Wands
 q - a wand of flame (22)
Scrolls
 c - a scroll of silence
 f - a scroll of amnesia
 k - 2 scrolls of enchant armour
 l - a scroll of fear {unknown}
 p - a scroll of blinking {unknown}
 s - 2 scrolls of immolation {unknown}
 t - 3 scrolls of fog
 w - 2 scrolls of teleportation {unknown}
 z - 2 scrolls of enchant weapon {unknown}
 F - a scroll of magic mapping {unknown}
Potions
 g - a potion of flight
 i - a potion of attraction
 j - 2 potions of mutation
 m - a potion of magic
 o - 2 potions of curing
 E - a potion of haste
 G - a potion of might
 I - 2 potions of brilliance {unknown}


   Skills:
 + Level 8.2 Fighting
 - Level 10.0(10.3) Axes
 + Level 4.0(7.5) Polearms
 - Level 1.7 Throwing
 - Level 2.4 Dodging


You had 8 spell levels left.
You didn't know any spells.
Your spell library contained the following spells:

 Spells                   Type           Power      Damage    Failure   Level
 Sublimation of Blood     Necr           0%         N/A       45%         2
 Wereblood                Tmut           0%         N/A       45%         2
 Confusing Touch          Hex            0%         N/A       71%         3
 Summon Forest            Summ/Tloc      0%         N/A       100%        5
 Summon Mana Viper        Hex/Summ       0%         N/A       100%        5
 Yara's Violent Unravell  Hex/Tmut       0%         3d3       100%        5
 Summon Cactus Giant      Summ           0%         N/A       100%        6
 Enfeeble                 Hex            0%         N/A       100%        7
 Summon Hydra             Summ           0%         N/A       100%        7


Dungeon Overview and Level Annotations

Branches:
Dungeon (8/15)             Temple (1/1) D:7
   Lair: D:8-11

Altars:
Ashenzari
Cheibriados
Dithmenos
Elyvilon
Fedhas
Gozag
Kikubaaqudgha
Nemelex Xobeh
Ru
Sif Muna
Trog
Vehumet
Wu Jian
Xom
Yredelemnul
Lugonu

Shops:
D:2 (([:   D:6 !

Annotations:
D:5 2 transporters, Wiilli's ghost, amateur SpVM


Innate Abilities, Weirdness & Mutations

You are a tree.
Your roots penetrate the ground, keeping you stationary.
You cannot be teleported.
You are immune to unholy pain and torment.
Your maximum health is greatly increased.
Your equipment is partially melded.
((Your serpentine skin is tough. (AC +3)))
You have supernaturally acute eyesight. (SInv)
((Armour fits poorly on your strangely shaped body.))
((Your system is resistant to poisons. (rPois)))
((You cover ground very slowly.))
You can spit poison.
((You have a snake-like lower body.))


Message History

You puncture the wight!
You destroy the wight!
Lugonu accepts your kill.
Your base Polearms skill increases to level 4!
You hit the wight but do no damage. The wight hits you with a +0 flail.
You feel drained.
You closely miss the wight.
The wight hits you from afar with a +5 spear.
You feel drained. The wight barely misses you.
You closely miss the wight. You puncture the wight!
The wight is heavily damaged.
The wight hits you from afar with a +5 spear!
You feel drained. The wight hits you with a +0 flail.
* * * LOW HITPOINT WARNING * * *
You hit the wight but do no damage.
The wight is heavily damaged.
The wight hits you from afar with a +5 spear.
* * * LOW HITPOINT WARNING * * *
The wight barely misses you.
You hit the wight but do no damage.
The wight is heavily damaged.
The wight hits you from afar with a +5 spear!
* * * LOW HITPOINT WARNING * * *
You feel drained.
* * * LOW HITPOINT WARNING * * *
You block the wight's attack.
Really quaff the potion of lignification?
You turn into a tree.
Your +0 helmet melds into your body.
The +4 chain mail "Bosuy" {rPois} melds into your body.
Your roots penetrate the ground.
The wight hits you but does no damage. x2
Unknown command.
You hit the wight.
The wight is severely damaged.
You barely miss the wight.
The wight is severely damaged.
The wight hits you from afar with a +5 spear!
* * * LOW HITPOINT WARNING * * *
The wight hits you with a +0 flail.
You die...

# #.########## #.#........#
#####.#........#
...............#######.
...............♣zz.....
########........##########.#.#
...?......###.### #....
#########.# #..# #...#
....###.## #...# ##.......#
#...#### ..._...#.# #.......
.......#.#########...###.#
...............)..........


You could see 2 wights.

Vanquished Creatures
  A boulder beetle (D:7)
  Pikel (D:6)
  Duvessa (D:6)
  A black bear (D:5)
  A sky beast (D:7)
  An orc warrior (D:6)
  2 centaurs
  An ogre (D:6)
  A lemure (D:6)
  2 necrophages
  4 bullfrogs
  A gnoll sergeant (D:6)
  A scorpion (D:6)
  2 wights (D:8)
  Dowan (D:6)
  2 howler monkeys
  A jelly (D:6)
  An orc priest (D:5)
  2 hounds
  2 iguanas
  4 gnolls (D:6)
  6 adders
  2 shadow imps
  A white imp (D:8)
  3 ufetubi
  2 worms
  2 dart slugs
  17 orcs
  4 bats
  5 endoplasms
  A giant cockroach (D:4)
  8 goblins
  3 hobgoblins
  5 jackals (D:2)
  3 kobolds
  A quokka (D:3)
  5 ball pythons
  2 frilled lizards
  3 rats
106 creatures vanquished.

Vanquished Creatures (others)
  2 fungi (D:2)
2 creatures vanquished.

Grand Total: 108 creatures vanquished

Notes
Turn   | Place    | Note
-------+----------+-------------------------------------------
     0 | D:1      | nxtlvl the Naga Gladiator began the quest for the Orb.
     0 | D:1      | Reached XP level 1. HP: 19/19 MP: 1/1
   101 | D:1      | Reached XP level 2. HP: 22/26 MP: 2/2
   249 | D:2      | Found Atazos's Antique Armour Shoppe.
   355 | D:2      | Found Zolotuinn's Book Emporium.
   412 | D:3      | Found a sparkling altar of Nemelex Xobeh.
   480 | D:4      | Reached XP level 3. HP: 32/33 MP: 3/3
   524 | D:3      | Reached skill level 4 in Axes
   619 | D:3      | Noticed a necrophage
   630 | D:3      | Killed a necrophage
   631 | D:3      | Reached XP level 4. HP: 19/42 MP: 4/4
   660 | D:3      | Reached XP level 5. HP: 29/49 MP: 5/5
   685 | D:3      | Found a sacrificial altar of Ru.
   739 | D:3      | Found a shimmering blue altar of Sif Muna.
   840 | D:3      | Reached skill level 5 in Axes
  1116 | D:4      | Found a basalt altar of Yredelemnul.
  1399 | D:3      | Found an opulent altar of Gozag.
  1620 | D:4      | Reached XP level 6. HP: 55/57 MP: 6/6
  1725 | D:5      | Entered Level 5 of the Dungeon
  1801 | D:5      | Noticed a black bear
  1823 | D:5      | Reached skill level 6 in Axes
  1838 | D:5      | Killed a black bear
  1875 | D:5      | Found a transporter.
  1880 | D:5      | Noticed Wiilli's ghost (amateur SpVM)
  1893 | D:5      | Found a transporter.
  1993 | D:5      | Reached XP level 7. HP: 58/66 MP: 7/7
  2173 | D:2      | Bought a fine chain mail for 199 gold pieces
  2173 | D:2      | Identified the +4 chain mail "Bosuy" {rPois} (You bought it
                  | in a shop on level 2 of the Dungeon)
  2193 | D:2      | Found Goam's Weapon Emporium.
  2240 | D:2      | Found Poic's Weapon Emporium.
  2444 | D:6      | Noticed Pikel
  2561 | D:6      | Reached skill level 7 in Axes
  2569 | D:6      | Reached skill level 5 in Fighting
  2584 | D:6      | Found a shimmering altar of Xom.
  2696 | D:6      | Reached XP level 8. HP: 66/74 MP: 8/8
  2720 | D:6      | Killed Pikel
  2721 | D:6      | Reached skill level 8 in Axes
  2739 | D:6      | Reached skill level 9 in Axes
  2749 | D:6      | Noticed Duvessa
  2838 | D:6      | Found Amucan's Distillery.
  2885 | D:6      | Bought a potion of might for 44 gold pieces
  2885 | D:6      | Bought a potion of lignification for 33 gold pieces
  2912 | D:6      | Found a white marble altar of Elyvilon.
  2959 | D:7      | Found a staircase to the Ecumenical Temple.
  2965 | Temple   | Entered the Ecumenical Temple
  2981 | Temple   | Became a worshipper of Lugonu the Unformed
  2981 | Temple   | Reached * piety under Lugonu
  3034 | D:7      | Reached XP level 9. HP: 82/85 MP: 9/9
  3147 | D:6      | Noticed Dowan
  3164 | D:6      | Killed Duvessa
  3164 | D:6      | Killed Dowan
  3165 | D:6      | Reached skill level 10 in Axes
  3225 | D:8      | Noticed a boulder beetle
  3225 | D:8      | Noticed a manticore
  3391 | D:8      | Reached skill level 1 in Polearms
  3439 | D:7      | Killed a boulder beetle
  3489 | D:8      | Found a broken altar of Ashenzari.
  3490 | D:8      | Found a shadowy altar of Dithmenos.
  3573 | D:8      | HP: 2/121 [wight/+5 spear (12)]
  3573 | D:8      | Slain by a wight

Illustrated notes

Levels and vault maps discovered:
D:1:      minmay_arrival_four_loops, layout_rooms, serial_corexii_hall,
          corexii_hall_statues_i, chequers_hall_statues_y,
          chequers_hall_statues_y, chequers_hall_statues_corner_a,
          chequers_hall_statues_y, corexii_hall_statues_i,
          grunt_decor_resistance
D:2:      layout_basic, serial_shops, nicolae_shop_crystal, shop_fountains,
          nicolae_shop_bloodbath_and_beyond, shop, uniq_crazy_yiuf_cottage
D:3:      layout_basic, nemelex_altar_shiori, led_sif_book,
          mainiacjoe_overflow_surrounded_room, nicolae_overflow_crystal_walls,
          st_stairs_11
D:4:      layout_rooms, nicolae_overflow_hidden_temple, serial_co_window_serial,
          co_window_cross_1, co_window_paths_a, co_window_of_opportunity_a,
          co_window_paths_a, co_window_corner_a, co_window_2corner,
          co_window_cross_3, co_window_corner_b, co_window_paths_d,
          glass_columns_a, glass_columns_a, glass_columns_c, glass_columns_c,
          glass_columns_b
D:5:      layout_basic, nicolae_hepliaklqana_hippocampus,
          gammafunk_ghost_stat_death, serial_rivers,
          chequers_serial_rivers_micro_e, chequers_serial_rivers_marsh,
          chequers_serial_rivers_room_b, chequers_serial_rivers_large_a,
          chequers_serial_rivers_large_b
D:6:      layout_rooms, nicolae_uskayaw_dance_studio, dk_xom_monty_hall,
          elyvilon_altar_5, serial_shops, shop, uniq_duvessa, uniq_pikel
D:7:      layout_layer_cave, minmay_temple_entry_hall,
          kennysheep_generic_room_13
D:8:      minmay_curly_fans, layout_basic, kennysheep_okawaru_gauntlet,
          grunt_temple_overflow_open
Temple:   corrupted_temple

Skill      XL: |  1  2  3  4  5  6  7  8  9 |
---------------+----------------------------+-----
Axes           | 4 5 6 7 9 10 | 10.0
Fighting       | 3 4 5 6 8 |  8.2
Polearms       | 4 |  4.0
Throwing       | |  1.7
Dodging        | |  2.4

Action                   |  1- 3 |  4- 6 |  7- 9 || total
-------------------------+-------+-------+-------++-------
Melee: War axe           |    48 |   102 |    61 ||   211
       Punch             |       |     1 |     1 ||     2
       Whip              |       |       |    18 ||    18
       Spear             |       |       |   100 ||   100
 Fire: Shortbow          |       |       |     1 ||     1
Throw: Javelin           |       |     1 |       ||     1
       Dart              |       |     2 |    37 ||    39
 Abil: Spit Poison       |    24 |    25 |    23 ||    72
Evoke: Wand              |     8 |       |     3 ||    11
  Use: Potion            |       |     7 |     4 ||    11
       Scroll            |       |     2 |     5 ||     7
Armor: Leather armour    |    16 |    26 |       ||    42
       Plate armour      |       |    48 |       ||    48
       Chain mail        |       |       |    56 ||    56
       Skin              |       |       |     7 ||     7
Dodge: Dodged            |    39 |    31 |    28 ||    98
Block: Other             |       |       |    13 ||    13
       Buckler           |       |       |    26 ||    26
       Reflection        |       |       |     6 ||     6

Table legend: (Time is in decaauts)
 A = Elapsed time spent in this place.
 B = Non-inter-level travel time spent in this place.
 C = Inter-level travel time spent in this place.
 D = Time resting spent in this place.
 E = Time spent auto-exploring this place.
 F = Levels seen in this place.
 G = Mean time per level.
                   A        B        C        D        E       F      G
               +--------+--------+--------+--------+--------+-----+--------+
         Total |   4711 |   4259 |    452 |      0 |      0 |   9 |  523.4 |
       Dungeon |   4669 |   4217 |    452 |      0 |      0 |   8 |  583.6 |
        Temple |     42 |     42 |      0 |      0 |      0 |   1 |   42.0 |
               +--------+--------+--------+--------+--------+-----+--------+

Top non-repeatable levels by time:
     D:3: 939 daAuts
     D:4: 868 daAuts
     D:5: 678 daAuts
     D:2: 593 daAuts
     D:6: 550 daAuts
     D:7: 503 daAuts
     D:1: 331 daAuts
     D:8: 203 daAuts
  Temple: 42 daAuts
